 Dungeon Crawl Stone Soup version 0.28-a0-793-g31680bbd8b (webtiles) character file.

Game seed: 5697724716700650667

9 ytrimaz the Skirmisher (level 2, 24/24 HPs)
             Began as a Demonspawn Fighter on Nov 4, 2021.
             Quit the game on level 1 of the Dungeon.
             The game lasted 00:00:29 (672 turns).

ytrimaz the Skirmisher (Demonspawn Fighter)          Turns: 672, Time: 00:00:30

Health: 24/24      AC:  6    Str: 16    XL:     2   Next: 3%
Magic:  2/2        EV:  9    Int:  9    God:
Gold:   56         SH:  4    Dex: 12    Spells: 1/1 levels left

rFire   . . .      SeeInvis .   a - +0 rapier
rCold   . . .      Faith    .   c - +0 buckler
rNeg    + . .      Spirit   .   b - +0 scale mail
rPois   .          Reflect  .   (no helmet)
rElec   .          Harm     .   (no cloak)
rCorr   .          Rampage  .   (no gloves)
Will    +....                   (no boots)
Stlth   ..........              (no amulet)
HPRegen 0.08/turn               e - ring of willpower
MPRegen 0.08/turn               f - ring of positive energy

@: no status effects
A: spiny 1
a: no special abilities


You were on level 1 of the Dungeon.
You visited 1 branch of the dungeon, and saw 1 of its levels.

You collected 56 gold pieces.

Inventory:

Hand Weapons
 a - a +0 rapier (weapon)
Armour
 b - a +0 scale mail (worn)
 c - a +0 buckler (worn)
Jewellery
 e - a ring of willpower (left hand)
 f - a ring of positive energy (right hand)
 g - a +4 ring of slaying
Potions
 d - a potion of might


   Skills:
 + Level 3.1 Fighting
 - Level 1.7 Short Blades
 + Level 2.9 Armour
 * Level 0.4 Dodging
 + Level 2.8 Shields


You had one spell level left.
You didn't know any spells.
Your spell library was empty.

Dungeon Overview and Level Annotations

Branches:
Dungeon (1/15)

Altars:


Innate Abilities, Weirdness & Mutations

You are partially covered in sharp spines.


Message History

You kill the frilled lizard!
No target in view!
No target in view!
Found a stone staircase leading down.
There is a stone staircase leading down here.
There is a stone staircase leading down here.
Found a dagger.
g - a +4 ring of slaying No target in view!
You now have 44 gold pieces (gained 16).
Found a buckler.
You see here a +0 buckler.
A ball python comes into view.
The ball python hisses angrily.
A ball python is nearby!
A ball python is nearby!
A ball python is nearby!
The ball python closely misses you. The ball python grabs you.
The ball python constricts you.
You hit the ball python.
You kill the ball python!
You have reached level 2!
Your demonic ancestry asserts itself...
Sharp spines emerge from parts of your body.
You see here a ball python corpse.
Found a stone staircase leading down.
Found a dagger.
You now have 56 gold pieces (gained 12).
Found a glowing leather armour.
You see here a +3 leather armour.
A kobold comes into view. It is wielding a +0 whip.
A kobold is nearby!
A kobold is nearby!
The kobold throws a stone.
The stone hits you but does no damage. You block the kobold's attack.
You puncture the kobold!
You kill the kobold!
Things that are here:
a +0 whip; 5 stones Are you sure you want to abandon this character and quit the game? (Confirm with "yes".)

#.#.#####.#####...
#.................
######.###########
#.# #.# #.# #.#
#.######.#
#...)@...#
##########


There were no monsters in sight!

Vanquished Creatures
  2 hobgoblins (D:1)
  A quokka (D:1)
  2 ball pythons (D:1)
  A bat (D:1)
  2 frilled lizards (D:1)
  A kobold (D:1)
  A rat (D:1)
10 creatures vanquished.

Notes
Turn   | Place    | Note
-------+----------+-------------------------------------------
     0 | D:1      | ytrimaz the Demonspawn Fighter began the quest for the Orb.
     0 | D:1      | Reached XP level 1. HP: 18/18 MP: 1/1
   596 | D:1      | Gained mutation: You are partially covered in sharp spines.
                  | [demonic ancestry]
   596 | D:1      | Reached XP level 2. HP: 24/24 MP: 2/2
   672 | D:1      | Quit the game

Illustrated notes

Levels and vault maps discovered:
D:1:      dpeg_arrival_circle_labyrinth_c, layout_loops_ring

Action                   || total
-------------------------++-------
Melee: Rapier            ||    22
Armor: Scale mail        ||     7
Dodge: Dodged            ||     8
Block: Buckler           ||     5

Table legend: (Time is in decaauts)
 A = Elapsed time spent in this place.
 B = Non-inter-level travel time spent in this place.
 C = Inter-level travel time spent in this place.
 D = Time resting spent in this place.
 E = Time spent auto-exploring this place.
 F = Levels seen in this place.
 G = Mean time per level.
                   A        B        C        D        E       F      G
               +--------+--------+--------+--------+--------+-----+--------+
         Total |    674 |    674 |      0 |      0 |    612 |   1 |  674.0 |
       Dungeon |    674 |    674 |      0 |      0 |    612 |   1 |  674.0 |
               +--------+--------+--------+--------+--------+-----+--------+

Top non-repeatable levels by time:
     D:1: 674 daAuts
